 Dungeon Crawl Stone Soup version 0.18.1-50-g88ac8fd (webtiles) character file.

543 unrecovered the Basher (level 7, 0/100 HPs)
             Began as an Ogre Gladiator on Oct 31, 2016.
             Slain by a gnoll
             ... wielding a +0 club
              (5 damage)
             ... on level 5 of the Dungeon.
             The game lasted 00:08:03 (3871 turns).

unrecovered the Basher (Ogre Gladiator)             Turns: 3871, Time: 00:08:03

Health: 0/100      AC:  8    Str: 28    XL:     7   Next: 27%
Magic:  7/7        EV: 10    Int:  7    God:
Gold:   175        SH:  0    Dex: 10    Spells: 0 memorised, 6 levels left

rFire  . . .     SeeInvis .     e - +0 flail (protect)
rCold  . . .     Gourm    .     b - +0 robe
rNeg   . . .     Faith    .     (no shield)
rPois  .         Spirit   .     c - +0 hat
rElec  .         Dismiss  .     (no cloak)
rCorr  .         Reflect  .     (gloves unavailable)
SustAt .         Harm     .     (boots unavailable)
MR     .....                    (no amulet)
Stlth  ..........               (no ring)
                                (no ring)

@: berserking (expiring), very slightly contaminated, very quick, not resistant
to hostile enchantments, extremely unstealthy
A: unfitting armour, tough skin 1
a: no special abilities


You were on level 5 of the Dungeon.
You were hungry.

You visited 1 branch of the dungeon, and saw 5 of its levels.

You collected 280 gold pieces.
You spent 105 gold pieces at shops.

Inventory:

Hand Weapons
 d - a +0 giant club
 e - a +0 flail of protection (weapon)
Missiles
 u - a throwing net (quivered)
Armour
 b - a +0 robe (worn)
 c - a +0 hat (worn)
Jewellery
 s - an uncursed ring of ice
Wands
 p - a wand of confusion (9/48)
Scrolls
 i - a scroll of remove curse
 l - a scroll of fear {unknown}
 n - a scroll of magic mapping
 v - a scroll of teleportation {unknown}
Potions
 k - a potion of resistance {unknown}
 q - 2 potions of ambrosia {unknown}
 t - a potion of flight {unknown}
Comestibles
 f - 4 bread rations
 g - 2 fruits
 h - 2 slices of pizza
 m - a chunk of flesh
 o - a royal jelly


   Skills:
 - Level 3.1 Fighting
 + Level 10.0 Maces & Flails
 - Level 2.0 Throwing
 - Level 3.3 Dodging


You had 6 spell levels left.
You didn't know any spells.

Dungeon Overview and Level Annotations

Branches:
Dungeon (5/15)
 Temple: D:4-7

Altars:
Elyvilon
Gozag
Kikubaaqudgha
Makhleb
Sif Muna
Trog
Vehumet
Xom
The Shining One

Shops:
D:4 *


Innate Abilities, Weirdness & Mutations

You are too large for most types of armour.
You have tough skin (AC +1).


Message History

You sock the gnoll shaman!
The gnoll shaman is almost dead.
You closely miss the gnoll shaman.
The gnoll shaman is almost dead.
The gnoll shaman hits you with a club.
* * * LOW HITPOINT WARNING * * *
You sock the gnoll shaman!
You kill the gnoll shaman!
The gnoll closely misses you.
Things that are here:
a club; a leather armour; a gnoll corpse You barely miss the gnoll.
You closely miss the gnoll. The gnoll completely misses you.
You sock the gnoll!
The gnoll is almost dead.
You sock the gnoll!
You kill the gnoll!
Your Maces & Flails skill increases to level 10!
The gnoll hits you with a club.
You die...

.... #... ... #...
..########...
#.........##
#.........#
#.........#
#######+###.........#
##..#..g........##+###
#...')@)........#
#...#...........+
#####...........#
#############


You could see a gnoll.

Vanquished Creatures
  3 ogres
  A hound (D:4)
  A gnoll shaman (D:5)
  A worker ant (D:5)
  A hound skeleton (D:4)
  4 gnolls
  4 adders
  2 oozes
  3 adder skeletons
  A worm (D:3)
  2 dart slugs (D:1)
  6 giant geckos
  6 orcs
  10 giant cockroaches
  6 goblins
  7 hobgoblins
  6 jackals (D:4)
  6 quokkas
  4 ball pythons
  5 bats
  5 giant newts
  9 kobolds
  4 rats
97 creatures vanquished.

Notes
Turn   | Place    | Note
--------------------------------------------------------------
     0 | D:1      | unrecovered the Ogre Gladiator began the quest for the Orb.
     0 | D:1      | Reached XP level 1. HP: 22/22 MP: 1/1
    88 | D:1      | Reached XP level 2. HP: 5/29 MP: 2/2
   370 | D:1      | HP: 1/29 [gnoll/flail (11)]
   412 | D:1      | Reached XP level 3. HP: 23/37 MP: 3/3
   877 | D:2      | Reached skill level 5 in Maces & Flails
   915 | D:2      | Reached XP level 4. HP: 29/45 MP: 4/4
  1779 | D:3      | Found a radiant altar of Vehumet.
  1787 | D:3      | Reached skill level 6 in Maces & Flails
  1790 | D:3      | Found a burning altar of Makhleb.
  1804 | D:3      | Found a deep blue altar of Sif Muna.
  1806 | D:3      | Found an opulent altar of Gozag.
  1806 | D:3      | Found an ancient bone altar of Kikubaaqudgha.
  1806 | D:3      | Found a bloodstained altar of Trog.
  1832 | D:3      | Found a shimmering altar of Xom.
  1835 | D:3      | Found a glowing golden altar of the Shining One.
  1836 | D:3      | Found a white marble altar of Elyvilon.
  2410 | D:4      | Reached XP level 5. HP: 49/53 MP: 5/5
  2640 | D:4      | Noticed an ogre
  2654 | D:4      | Killed an ogre
  2654 | D:4      | Reached skill level 7 in Maces & Flails
  2660 | D:4      | HP: 2/53 [hound (2)]
  2661 | D:4      | Reached skill level 8 in Maces & Flails
  2661 | D:4      | Reached XP level 6. HP: 3/61 MP: 6/6
  3452 | D:4      | Found Zets's General Store.
  3455 | D:4      | Bought a scroll of blinking for 105 gold pieces
  3651 | D:5      | Entered Level 5 of the Dungeon
  3706 | D:5      | Reached skill level 9 in Maces & Flails
  3803 | D:5      | Reached XP level 7. HP: 39/67 MP: 7/7
  3828 | D:5      | HP: 3/67 [gnoll/spear (5)]
  3858 | D:5      | HP: 5/100 [gnoll/spear (5)]
  3865 | D:5      | HP: 4/100 [gnoll shaman/club (2)]
  3871 | D:5      | Reached skill level 10 in Maces & Flails
  3871 | D:5      | Slain by a gnoll

Skill      XL: |  1  2  3  4  5  6  7 |
---------------+----------------------+-----
Dodging        | 3 |  3.3
Fighting       | 3 |  3.1
Maces & Flails | 5 6 8 9 10 | 10.0
Throwing       | |  2.0

Action                   |  1- 3 |  4- 6 |  7- 9 || total
-------------------------+-------+-------+-------++-------
Melee: Flail             |    88 |   224 |    13 ||   325
Throw: Throwing net      |       |     3 |       ||     3
  Use: Potion            |     1 |       |     1 ||     2
       Scroll            |       |     5 |     2 ||     7
  Eat: Chunk             |       |     9 |       ||     9
Armor: Robe              |    32 |    63 |     1 ||    96
Dodge: Dodged            |    56 |   128 |    11 ||   195
